% Time on Ice - BANFF WOLVES
Lines # - Real PCT - Wanted PCT - Time Play
Normal Forward
1 - 20% - 25% - 7:48
2 - 25% - 25% - 9:51
3 - 25% - 25% - 9:55
4 - 30% - 25% - 11:38
Normal Defense
1 - 36% - 35% - 14:04
2 - 36% - 35% - 14:10
3 - 28% - 30% - 10:58
4 - 0% - 0% - 0:00
PP Forward
1 - 45% - 55% - 4:54
2 - 55% - 45% - 5:59
PP Defense
1 - 50% - 55% - 5:26
2 - 50% - 45% - 5:27
PK Forward
1 - 66% - 55% - 6:31
2 - 34% - 45% - 3:24
PK Defense
1 - 59% - 55% - 5:50
2 - 41% - 45% - 4:05
PK3 Forward
1 - 0% - 55%
2 - 0% - 45%
PK3 Defense
1 - 0% - 55%
2 - 0% - 45%
44 Forward
1 - 0% - 55%
2 - 0% - 45%
44 Defense
1 - 0% - 55%
2 - 0% - 45%
Last Minute Offensive  - 0:00
Last Minute Defensive  - 0:00
Total
Forward - 60:00
Defense - 60:00
% Time on Ice - LAS VEGAS LIZARD KINGS
Lines # - Real PCT - Wanted PCT - Time Play
Normal Forward
1 - 33% - 36% - 13:02
2 - 28% - 30% - 10:55
3 - 27% - 27% - 10:31
4 - 12% - 7% - 4:44
Normal Defense
1 - 39% - 45% - 15:23
2 - 39% - 43% - 15:13
3 - 21% - 12% - 8:22
4 - 1% - 0% - 0:14
PP Forward
1 - 59% - 70% - 5:49
2 - 41% - 30% - 4:06
PP Defense
1 - 53% - 70% - 5:14
2 - 47% - 30% - 4:41
PK Forward
1 - 74% - 65% - 8:00
2 - 26% - 35% - 2:53
PK Defense
1 - 51% - 75% - 5:36
2 - 49% - 25% - 5:17
PK3 Forward
1 - 0% - 55%
2 - 0% - 45%
PK3 Defense
1 - 0% - 50%
2 - 0% - 50%
44 Forward
1 - 0% - 55%
2 - 0% - 45%
44 Defense
1 - 0% - 55%
2 - 0% - 45%
Last Minute Offensive  - 0:00
Last Minute Defensive  - 0:00
Total
Forward - 60:00
Defense - 60:00
Play-by-Play 1st period 0:01 of 1st period - Max McCormick wins face-off versus Sean Monahan in neutral zone. 0:09 of 1st period - Off-side. 0:10 of 1st period - Jack Eichel wins face-off versus Ryan Nugent-Hopkins in neutral zone. 0:55 of 1st period - Brayden McNabb is hit by Miles Wood and loses puck. 1:48 of 1st period - Shot by Joel Armia. 1:48 of 1st period - Shot Misses the Net. 3:08 of 1st period - Minor Penalty to Andy Andreoff for Slashing. 3:09 of 1st period - Barclay Goodrow wins face-off versus Josh Archibald in LAS VEGAS LIZARD KINGS zone. 3:18 of 1st period - Shot by Josh Archibald. 3:18 of 1st period - Shot Misses the Net. 3:20 of 1st period - Shot by Taylor Fedun. 3:20 of 1st period - Shot Misses the Net. 3:22 of 1st period - Shot by Taylor Fedun. 3:22 of 1st period - Shot Misses the Net. 3:24 of 1st period - Shot by Markus Granlund. 3:24 of 1st period - Stopped by Marc-Andre Fleury without a rebound. 3:25 of 1st period - Tyler Ennis wins face-off versus Barclay Goodrow in LAS VEGAS LIZARD KINGS zone. 4:28 of 1st period - Shot by Miro Heiskanen. 4:28 of 1st period - Shot Misses the Net. 5:03 of 1st period - Icing by Miles Wood. 5:04 of 1st period - Sean Monahan wins face-off versus Jack Eichel in BANFF WOLVES zone. 5:28 of 1st period - Ryan Nugent-Hopkins is hit by Nikita Zaitsev and loses puck. 5:40 of 1st period - Ryan Nugent-Hopkins is hit by Nikita Zaitsev. 6:24 of 1st period - Shot by Sean Monahan. 6:24 of 1st period - Stopped by Mikko Koskinen with a rebound. 6:30 of 1st period - Shot by Johnny Gaudreau. 6:30 of 1st period - Stopped by Mikko Koskinen without a rebound. 6:31 of 1st period - Derek Ryan wins face-off versus Max McCormick in BANFF WOLVES zone. 7:00 of 1st period - Shot by Mark Jankowski. 7:00 of 1st period - Shot Blocked by Calvin De Haan. 7:02 of 1st period - Shot by Mark Jankowski. 7:02 of 1st period - Shot Misses the Net. 7:04 of 1st period - Shot by Mark Jankowski. 7:04 of 1st period - Goal by Mark Jankowski - BANFF WOLVES : 1 - LAS VEGAS LIZARD KINGS : 0. 7:05 of 1st period - Ryan Nugent-Hopkins wins face-off versus Jack Eichel in neutral zone. 7:20 of 1st period - Shot by Mike Ferland. 7:20 of 1st period - Stopped by Mikko Koskinen with a rebound. 7:53 of 1st period - Minor Penalty to Sean Monahan for Holding. 7:54 of 1st period - Barclay Goodrow wins face-off versus Josh Archibald in LAS VEGAS LIZARD KINGS zone. 8:23 of 1st period - Shot by Miro Heiskanen. 8:23 of 1st period - Stopped by Marc-Andre Fleury with a rebound. 9:45 of 1st period - Shot by Tyler Ennis. 9:45 of 1st period - Stopped by Marc-Andre Fleury without a rebound. 9:46 of 1st period - Tyler Ennis wins face-off versus Derek Ryan in LAS VEGAS LIZARD KINGS zone. 10:40 of 1st period - Icing by Michael Stone. 10:41 of 1st period - Sean Monahan wins face-off versus Mark Letestu in BANFF WOLVES zone. 10:52 of 1st period - Shot by Johnny Gaudreau. 10:52 of 1st period - Stopped by Mikko Koskinen without a rebound. 10:53 of 1st period - Jason Pominville wins face-off versus Max McCormick in BANFF WOLVES zone. 11:00 of 1st period - Shot by Evan Rodrigues. 11:00 of 1st period - Stopped by Mikko Koskinen without a rebound. 11:01 of 1st period - Sean Monahan wins face-off versus Josh Archibald in BANFF WOLVES zone. 11:20 of 1st period - Shot by Josh Archibald. 11:20 of 1st period - Stopped by Marc-Andre Fleury without a rebound. 11:21 of 1st period - Max McCormick wins face-off versus Derek Ryan in LAS VEGAS LIZARD KINGS zone. 11:29 of 1st period - Icing by Barclay Goodrow. 11:30 of 1st period - Derek Ryan wins face-off versus Jack Eichel in LAS VEGAS LIZARD KINGS zone. 11:34 of 1st period - Off-side. 11:35 of 1st period - Sean Monahan wins face-off versus Max McCormick in neutral zone. 11:38 of 1st period - Shot by Johnny Gaudreau. 11:38 of 1st period - Stopped by Mikko Koskinen without a rebound. 11:39 of 1st period - Sean Monahan wins face-off versus Markus Granlund in BANFF WOLVES zone. 12:15 of 1st period - Shot by Markus Granlund. 12:15 of 1st period - Deflect By Mark Jankowski. 12:15 of 1st period - Shot Blocked by Johnny Gaudreau. 12:35 of 1st period - Shot by John Hayden. 12:35 of 1st period - Stopped by Marc-Andre Fleury without a rebound. 12:36 of 1st period - Jack Eichel wins face-off versus Derek Ryan in LAS VEGAS LIZARD KINGS zone. 12:52 of 1st period - Jack Eichel is hit by John Marino and loses puck. 13:22 of 1st period - Jack Eichel is hit by Brent Burns and loses puck. 13:53 of 1st period - Shot by Ryan Nugent-Hopkins. 13:53 of 1st period - Stopped by Mikko Koskinen without a rebound. 13:54 of 1st period - Sean Monahan wins face-off versus John Hayden in BANFF WOLVES zone. 14:09 of 1st period - Shot by Sean Monahan. 14:09 of 1st period - Deflect By Johnny Gaudreau. 14:09 of 1st period - Shot Misses the Net. 14:11 of 1st period - Shot by Nino Niederreiter. 14:11 of 1st period - Shot Misses the Net. 14:13 of 1st period - Shot by Johnny Gaudreau. 14:13 of 1st period - Shot Misses the Net. 14:15 of 1st period - Shot by Matt Niskanen. 14:15 of 1st period - Stopped by Mikko Koskinen with a rebound. 14:17 of 1st period - Shot by Nino Niederreiter. 14:17 of 1st period - Shot Blocked by Josh Teves. 14:19 of 1st period - Shot by Matt Niskanen. 14:19 of 1st period - Stopped by Mikko Koskinen with a rebound. 14:59 of 1st period - Shot by Mark Jankowski. 14:59 of 1st period - Stopped by Marc-Andre Fleury without a rebound. 15:00 of 1st period - Mark Letestu wins face-off versus Evan Rodrigues in LAS VEGAS LIZARD KINGS zone. 15:52 of 1st period - Icing by Alex Biega. 15:53 of 1st period - Mark Letestu wins face-off versus Derek Ryan in BANFF WOLVES zone. 16:15 of 1st period - Minor Penalty to Alex Biega for Delaying the game. 16:16 of 1st period - Markus Granlund wins face-off versus Sean Monahan in BANFF WOLVES zone. 16:42 of 1st period - Icing by Brent Burns. 16:43 of 1st period - Tyler Toffoli wins face-off versus Sean Monahan in LAS VEGAS LIZARD KINGS zone. 18:19 of 1st period - Icing by Josh Teves. 18:20 of 1st period - Mark Letestu wins face-off versus Derek Ryan in BANFF WOLVES zone. 19:20 of 1st period - Icing by Barclay Goodrow. 19:21 of 1st period - Max McCormick wins face-off versus Derek Ryan in LAS VEGAS LIZARD KINGS zone. 19:50 of 1st period - Shot by Markus Granlund. 19:50 of 1st period - Shot Misses the Net. 19:52 of 1st period - Shot by Markus Granlund. 19:52 of 1st period - Shot Blocked by Brayden McNabb. 19:54 of 1st period - Shot by Markus Granlund. 19:54 of 1st period - Deflect By Mark Jankowski. 19:54 of 1st period - Stopped by Marc-Andre Fleury without a rebound. 19:55 of 1st period - Nino Niederreiter wins face-off versus Josh Archibald in LAS VEGAS LIZARD KINGS zone. 19:55 of 1st period - Nino Niederreiter is hit by Josh Archibald. Goals for this period are 1 for BANFF WOLVES vs 0 for LAS VEGAS LIZARD KINGS. Shots for this period are 8 for BANFF WOLVES vs 9 for LAS VEGAS LIZARD KINGS. 2nd period 0:01 of 2nd period - Josh Archibald wins face-off versus Sean Monahan in neutral zone. 0:11 of 2nd period - Sean Monahan is hit by John Hayden. 0:13 of 2nd period - Shot by Johnny Gaudreau. 0:13 of 2nd period - Shot Blocked by Michael Stone. 0:15 of 2nd period - Shot by John Marino. 0:15 of 2nd period - Stopped by Mikko Koskinen with a rebound. 0:58 of 2nd period - Ryan Nugent-Hopkins is hit by Josh Teves and loses puck. 1:32 of 2nd period - Minor Penalty to Josh Teves for Tripping. 1:33 of 2nd period - Sean Monahan wins face-off versus Markus Granlund in BANFF WOLVES zone. 2:34 of 2nd period - Shot by Bobby Ryan. 2:34 of 2nd period - Shot Blocked by Alex Biega. 3:06 of 2nd period - Shot by Johnny Gaudreau. 3:06 of 2nd period - Shot Blocked by Tyler Toffoli. 3:41 of 2nd period - Barclay Goodrow is hit by Jack Eichel and loses puck. 4:08 of 2nd period - Shot by Mark Jankowski. 4:08 of 2nd period - Stopped by Marc-Andre Fleury without a rebound. 4:09 of 2nd period - Evan Rodrigues wins face-off versus Jack Eichel in LAS VEGAS LIZARD KINGS zone. 4:48 of 2nd period - Shot by Josh Archibald. 4:48 of 2nd period - Stopped by Marc-Andre Fleury without a rebound. 4:49 of 2nd period - Mark Letestu wins face-off versus Ryan Nugent-Hopkins in LAS VEGAS LIZARD KINGS zone. 4:4